 Dungeon Crawl Stone Soup version 0.25.1-2-g60ff931df9 (webtiles) character file.

Game seed: 4479155107290523244

1874 hawla the Cudgeler (level 8, -6/73 HPs)
             Began as a Minotaur Berserker on Sept 28, 2020.
             Was an Elder of Trog.
             Mangled by an orc warrior
             ... wielding a +0 hand axe
              (16 damage)
             ... on level 7 of the Dungeon.
             The game lasted 00:11:38 (5966 turns).

hawla the Cudgeler (Minotaur Berserker)             Turns: 5966, Time: 00:11:39

Health: -6/73      AC:  8    Str: 24    XL:     8   Next: 91%
Magic:  7/7        EV: 13    Int:  4    God:    Trog [****..]
Gold:   294        SH:  0    Dex: 10    Spells: 7/7 levels left

rFire    . . .     SeeInvis .   B - +0 war axe
rCold    . . .     Gourm    .   (no shield)
rNeg     . . .     Faith    .   y - +0 ring mail
rPois    .         Spirit   .   (helmet restricted)
rElec    .         Reflect  .   g - +0 cloak
rCorr    .         Harm     .   (no gloves)
MR       .....                  f - +0 pair of boots
Stlth    ..........             (no amulet)
HPRegen  0.22/turn              (no ring)
MPRegen  0.10/turn              (no ring)

@: no status effects
A: retaliatory headbutt, horns 2
a: Berserk, Trog's Hand, Brothers in Arms, Renounce Religion


You were on level 7 of the Dungeon.
You worshipped Trog.
Trog was greatly pleased with you.
You were hungry.

You visited 1 branch of the dungeon, and saw 7 of its levels.

You collected 294 gold pieces.

Inventory:

Hand Weapons
 n - a +1 quarterstaff
 t - a +2 antimagic mace
 B - a +0 war axe (weapon)
Missiles
 j - a throwing net (quivered)
 r - 21 poisoned darts
 u - 3 boomerangs
 v - 8 javelins
Armour
 f - a +0 pair of boots (worn)
 g - a +0 cloak (worn)
 h - a +2 leather armour of magic resistance
 y - a +0 ring mail (worn)
 z - a +0 plate armour
Jewellery
 b - an uncursed ring of positive energy {unknown}
Wands
 C - a wand of polymorph (6)
Scrolls
 a - 4 scrolls of identify
 d - 6 scrolls of remove curse
 p - a scroll of enchant weapon
 s - a scroll of blinking
 w - a scroll of fog
Potions
 e - a potion of heal wounds
 i - a potion of lignification
 k - 2 potions of haste
 l - a potion of curing
 m - a potion of resistance {unknown}
 o - a potion of flight {unknown}
 q - a potion of degeneration {unknown}
Comestibles
 c - 12 rations
 x - 2 chunks of flesh


   Skills:
 + Level 7.0 Fighting
 + Level 3.9(6.3) Axes
 + Level 7.6(9.1) Maces & Flails
 + Level 6.3(8.0) Staves
 + Level 5.0 Armour
 + Level 5.3 Dodging


You had 7 spell levels left.
You didn't know any spells.
Your spell library was empty.

Dungeon Overview and Level Annotations

Branches:
Dungeon (7/15)             Temple (0/1) D:4

Altars:
Okawaru
Yredelemnul

Annotations:
D:3 goblins boomerang


Innate Abilities, Weirdness & Mutations

You reflexively headbutt those who attack you in melee.
You have a pair of horns on your head.


Message History

You slash the orc priest!
You kill the orc priest!
Trog accepts your kill.
You hit the orc warrior.
The orc warrior hits you with a +0 hand axe.
The orc warrior hits you with a +0 hand axe.
Items here: ! )) † a +0 short sword; a brown potion; a +0 hand axe; an orc corpse You completely miss the orc warrior.
The orc warrior is lightly wounded.
The orc warrior hits you with a +0 hand axe!
* * * LOW HITPOINT WARNING * * *
You slash the orc warrior!
The orc warrior is heavily wounded.
The orc warrior hits you with a +0 hand axe.
* * * LOW HITPOINT WARNING * * *
You barely miss the orc warrior.
The orc warrior is heavily wounded.
The orc warrior hits you with a +0 hand axe!
You die...

##... .#.... ....
.#...
#..####.#..###
#..##........#
#..##.......#
#####..##......(
#.........#.# .#
#.....@.....##.###
#....$o...)....?.#
.............<....#
##..........†÷....#
..#..#............#
. #.?...!.........#
.................#
.....###.........#
.. #.###.#.###


You could see an orc warrior.

Vanquished Creatures
  A water moccasin (D:7)
  A sky beast (D:6)
  2 ice beasts
  4 phantoms
  2 centaurs
  2 scorpions
  A howler monkey (D:4)
  A crimson imp (D:6)
  5 hounds
  A jelly (D:7)
  4 orc priests
  2 bullfrog skeletons
  A centaur skeleton (D:4)
  2 iguanas
  3 worker ants
  2 hound skeletons (D:6)
  3 gnolls (D:4)
  13 adders
  4 oozes
  An adder zombie (D:7)
  4 worms
  4 dart slugs (D:1)
  3 leopard geckos
  16 orcs
  10 bats
  5 giant cockroaches
  9 goblins
  14 hobgoblins
  8 jackals
  6 quokkas
  6 frilled lizards
  2 kobolds
  A leopard gecko zombie (D:5)
  3 rats
146 creatures vanquished.

Notes
Turn   | Place    | Note
-------+----------+-------------------------------------------
     0 | D:1      | hawla the Minotaur Berserker began the quest for the Orb.
     0 | D:1      | Reached XP level 1. HP: 19/19 MP: 0/0
   132 | D:1      | Reached XP level 2. HP: 21/27 MP: 1/1
   764 | D:1      | Reached XP level 3. HP: 32/33 MP: 2/2
   927 | D:1      | Reached ** piety under Trog
  1239 | D:2      | Reached XP level 4. HP: 41/41 MP: 3/3
  1522 | D:2      | Reached skill level 5 in Maces & Flails
  1635 | D:2      | Found a basalt altar of Yredelemnul.
  2456 | D:3      | Found an iron altar of Okawaru.
  2557 | D:3      | Reached XP level 5. HP: 34/47 MP: 4/4
  2827 | D:4      | Reached skill level 5 in Fighting
  2827 | D:4      | Reached skill level 1 in Staves
  2835 | D:4      | Reached *** piety under Trog
  2914 | D:4      | Reached XP level 6. HP: 49/56 MP: 5/5
  3068 | D:4      | Found a staircase to the Ecumenical Temple.
  3573 | D:5      | Entered Level 5 of the Dungeon
  3936 | D:5      | Reached XP level 7. HP: 34/61 MP: 6/6
  4480 | D:5      | Reached skill level 5 in Staves
  5041 | D:6      | Reached XP level 8. HP: 70/70 MP: 7/7
  5139 | D:6      | Reached skill level 5 in Dodging
  5808 | D:7      | Reached **** piety under Trog
  5808 | D:7      | Reached skill level 1 in Axes
  5921 | D:7      | Reached skill level 5 in Armour
  5966 | D:7      | Mangled by an orc warrior

Illustrated notes

Levels and vault maps discovered:
D:1:      minmay_arrival_arboretum_large, layout_basic
D:2:      layout_basic, lemuel_coloured_pillars_altar, first_ration
D:3:      layout_basic, kennysheep_okawaru_gauntlet, serial_glass,
          glass_columns_a, glass_columns_c, glass_columns_a, glass_columns_b,
          glass_columns_c, minmay_strange_pillars, item_on_display_a, tso_altar
D:4:      layout_loops_ring, minmay_temple_entry_arrows
D:5:      layout_gridville, hex_medium, minivault_1
D:6:      layout_basic, chequers_serial_rivers_micro_b,
          kennysheep_generic_room_9
D:7:      layout_basic, nicolae_ossuary_entry_plus

Skill      XL: |  1  2  3  4  5  6  7  8 |
---------------+-------------------------+-----
Maces & Flails | 4 5 7 |  7.6
Fighting       | 4 5 6 7 |  7.0
Dodging        | 3 4 5 |  5.3
Staves         | 3 4 5 6 |  6.3
Armour         | 3 5 |  5.0
Axes           | 3 |  3.9

Action                   |  1- 3 |  4- 6 |  7- 9 || total
-------------------------+-------+-------+-------++-------
Melee: Mace              |    53 |    33 |    60 ||   146
       Headbutt          |    11 |    16 |    27 ||    54
       Quarterstaff      |       |    76 |    47 ||   123
       Flail             |       |    24 |       ||    24
       War axe           |       |       |    59 ||    59
Invok: Berserk           |       |       |     1 ||     1
       Trog's Hand       |       |       |     1 ||     1
  Use: Scroll            |       |     9 |     2 ||    11
       Potion            |       |       |     2 ||     2
  Eat: Chunk             |     1 |     8 |     8 ||    17
Armor: Animal skin       |     7 |    22 |       ||    29
       Leather armour    |       |    19 |    15 ||    34
       Ring mail         |       |       |    46 ||    46
Dodge: Dodged            |    39 |    99 |   115 ||   253
